 Dungeon Crawl Stone Soup version 0.27-a0-401-gea03ee85fd (webtiles) character file.

Game seed: 6026860065515097361

57 miscthings the Cudgeller (level 3, -1/26 (29) HPs)
             Began as a Demonspawn Chaos Knight on Feb 22, 2021.
             Was a Plaything of Xom.
             Slain by Robin
             ... wielding a +0 mace
              (6 damage)
             ... on level 2 of the Dungeon.
             The game lasted 00:02:23 (1602 turns).

miscthings the Cudgeller (Demonspawn Chaos Knight)  Turns: 1602, Time: 00:02:24

HP:   -1/26 (29)    AC:  3    Str: 19    XL:     3   Next: 73%
MP:   3/3           EV: 10    Int: 13    God:    Xom [*.....]
Gold: 61            SH:  5    Dex: 12    Spells: 2/2 levels left

rFire    . . .     SeeInvis +     - Unarmed
rCold    . . .     Faith    .   d - +2 buckler
rNeg     . . .     Spirit   .   b - +2 leather armour
rPois    .         Reflect  .   (no helmet)
rElec    .         Harm     .   (no cloak)
rCorr    .         Rampage  .   (no gloves)
Will     .....                  (no boots)
Stlth    +.........             (no amulet)
HPRegen  0.08/turn              c - +6 ring of strength
MPRegen  0.08/turn              h - ring of see invisible

@: heavily drained
A: claws 1, deformed body, foul stench 1
a: Renounce Religion


You were on level 2 of the Dungeon.
You worshipped Xom.
You were a special plaything of Xom.
You visited 1 branch of the dungeon, and saw 2 of its levels.

You collected 61 gold pieces.

Inventory:

Hand Weapons
 a - a +0 mace of chaos
Missiles
 g - a throwing net (quivered)
Armour
 b - a +2 leather armour (worn)
 d - a +2 buckler (worn)
Jewellery
 c - a +6 ring of strength (left claw)
 h - a ring of see invisible (right claw)
Scrolls
 f - a scroll of teleportation {unknown}
 j - a scroll of enchant armour {unknown}
Potions
 e - a potion of haste {unknown}
 i - a potion of invisibility {unknown}


   Skills:
 - Level 3.0 Fighting
 - Level 3.6 Maces & Flails
 - Level 1.7 Armour
 - Level 0.8 Dodging
 + Level 2.0 Unarmed Combat


You had 2 spell levels left.
You didn't know any spells.
Your spell library was empty.

Dungeon Overview and Level Annotations

Branches:
Dungeon (2/15)

Altars:

Annotations:
D:2 Robin


Innate Abilities, Weirdness & Mutations

You have sharp fingernails.
You may rarely emit foul miasma when damaged in melee.
Armour fits poorly on your strangely shaped body.


Message History

You kill the hobgoblin!
Your Unarmed Combat skill increases to level 2!
You closely miss the hobgoblin. The hobgoblin closely misses you.
You barely miss the hobgoblin. The hobgoblin completely misses you.
Robin throws the goblin at you! The goblin completely misses you.
You closely miss the hobgoblin. The hobgoblin barely misses you.
The goblin hits you.
* * * LOW HITPOINT WARNING * * *
You scratch the hobgoblin.
The hobgoblin is heavily wounded.
The hobgoblin barely misses you.
You claw the hobgoblin!
You kill the hobgoblin!
Robin roars a battlecry!
The goblin goes into a battle-frenzy!
You hear a shout!
Robin throws the goblin at you!
* * * LOW HITPOINT WARNING * * *
Your shield prevents you from hitting the goblin.
The goblin hits you but does no damage.
You scratch the goblin.
You kill the goblin!
You see here a goblin corpse.
Robin says, "Bow before me, strongest of all the hobgoblins!"
Robin flexes a bicep menacingly.
You scratch Robin but do no damage. Robin closely misses you.
You scratch Robin.
Robin is moderately wounded.
A hobgoblin comes into view. It is wielding a +0 club.
Robin roars a battlecry!
The hobgoblin goes into a battle-frenzy!
The hobgoblin shouts!
You see here 19 arrows.
Robin hits you with a +0 mace.
* * * LOW HITPOINT WARNING * * *
The hobgoblin no longer looks unusually strong.
You scratch Robin but do no damage.
Robin is moderately wounded.
Robin hits you with a +0 mace.
You die...

.....#########......###.##
.....................#...#
.......#)#####)....##.##.#
.....#.#.#####....######.#
............##.#..# #.#
.......#(##)#..#g.# #†#
#>....)..##.#g##..# #.#
.........##.#.##g.# #.#
.........##†#.##@.# #.#
##.....#g##.#.##..# #.#
##...##....#(##..######.#
####.#####..#.##.........#######.
.....# #..#.##.######..........
###..#####..#.##.# #...######.
###..##.......##.# #...#
.<#.....#####.##<######...#
#.#####.##.##.# ........#.# #


You could see Robin and a hobgoblin.

Vanquished Creatures
  3 leopard geckos
  4 bats
  2 giant cockroaches
  7 goblins
  11 hobgoblins
  4 jackals (D:1)
  7 kobolds
  A ball python (D:1)
  2 frilled lizards (D:1)
  6 rats
47 creatures vanquished.

Vanquished Creatures (others)
  6 plants (D:1)
6 creatures vanquished.

Grand Total: 53 creatures vanquished

Notes
Turn   | Place    | Note
-------+----------+-------------------------------------------
     0 | D:1      | miscthings the Demonspawn Chaos Knight began the quest for
                  | the Orb.
     0 | D:1      | Reached XP level 1. HP: 18/18 MP: 1/1
    34 | D:1      | XOM: divination: detect items
    70 | D:1      | Gained mutation: You have sharp fingernails. [demonic
                  | ancestry]
    70 | D:1      | Reached XP level 2. HP: 19/24 MP: 2/2
   442 | D:1      | HP: 1/24 [rat (2)]
   458 | D:1      | Gained mutation: You may rarely emit foul miasma when
                  | damaged in melee. [demonic ancestry]
   458 | D:1      | Reached XP level 3. HP: 3/29 MP: 3/3
   605 | D:1      | XOM: draining
   672 | D:1      | XOM: give mutation
   672 | D:1      | Gained mutation: Armour fits poorly on your strangely
                  | shaped body. [Xom's mischief]
   687 | D:1      | Reached skill level 1 in Unarmed Combat
  1520 | D:2      | Noticed Robin
  1602 | D:2      | Slain by Robin

Illustrated notes

Levels and vault maps discovered:
D:1:      wander_arrival_peaceful_grave, layout_basic, lexackson_kobold_supper
D:2:      layout_loops_ring, uniq_robin

Skill      XL: |  1  2  3 |
---------------+----------+-----
Maces & Flails | 3 |  3.6
Unarmed Combat | 2 |  2.0
Fighting       | |  3.0
Armour         | |  1.7
Dodging        | |  0.8

Action                   || total
-------------------------++-------
Melee: Mace              ||    40
       Unarmed           ||   111
  Use: Potion            ||     1
 Stab: Sleeping          ||     1
Armor: Leather armour    ||    49
Dodge: Dodged            ||    79
Block: Buckler           ||    22

Table legend: (Time is in decaauts)
 A = Elapsed time spent in this place.
 B = Non-inter-level travel time spent in this place.
 C = Inter-level travel time spent in this place.
 D = Time resting spent in this place.
 E = Time spent auto-exploring this place.
 F = Levels seen in this place.
 G = Mean time per level.
                   A        B        C        D        E       F      G
               +--------+--------+--------+--------+--------+-----+--------+
         Total |   1617 |   1567 |     50 |    559 |    650 |   2 |  808.5 |
       Dungeon |   1617 |   1567 |     50 |    559 |    650 |   2 |  808.5 |
               +--------+--------+--------+--------+--------+-----+--------+

Top non-repeatable levels by time:
     D:1: 988 daAuts
     D:2: 629 daAuts
